 Dungeon Crawl Stone Soup version 0.27-a0-404-g4390dbc5be (webtiles) character file.

Game seed: 17283344017618234947

151 Nattfarinn the Grave Robber (level 5, -9/28 HPs)
             Began as a Tengu Necromancer on Feb 22, 2021.
             Mangled by an ogre
             ... wielding a +0 giant spiked club
              (33 damage)
             ... on level 3 of the Dungeon.
             The game lasted 00:06:14 (4049 turns).

Nattfarinn the Grave Robber (Tengu Necromancer)     Turns: 4049, Time: 00:06:14

Health: -9/28      AC:  2    Str:  8    XL:     5   Next: 33%
Magic:  5/9        EV: 15    Int: 17    God:
Gold:   128        SH:  0    Dex: 14    Spells: 3/8 levels left

rFire    . . .     SeeInvis .   k - +2 hand axe (vorpal)
rCold    . . .     Faith    .   (no shield)
rNeg     . . .     Spirit   .   a - +0 robe
rPois    .         Reflect  .   (helmet restricted)
rElec    .         Harm     .   (no cloak)
rCorr    .         Rampage  .   (no gloves)
Will     .....                  (boots unavailable)
Stlth    ++........             (no amulet)
HPRegen  0.09/turn              (no ring)
MPRegen  0.11/turn              (no ring)

@: flying quickly and evasively, quick
A: beak, talons 3, able to fly
a: Stop Flying


You were on level 3 of the Dungeon.
You visited 1 branch of the dungeon, and saw 3 of its levels.

You collected 128 gold pieces.

Inventory:

Hand Weapons
 c - a +0 dagger
 k - a +2 vorpal hand axe (weapon)
Missiles
 l - 8 silver javelins
Armour
 a - a +0 robe (worn)
Scrolls
 d - a scroll of identify {unknown}
 e - 2 scrolls of immolation {unknown}
 j - 3 scrolls of fear {unknown}
Potions
 b - a potion of brilliance {unknown}
 f - 2 potions of heal wounds {unknown}
 g - a potion of might {unknown}
 h - a potion of attraction {unknown}
 i - a potion of degeneration {unknown}


   Skills:
 - Level 2.1 Dodging
 - Level 2.0 Stealth
 - Level 2.0 Spellcasting
 * Level 7.1 Necromancy


You had 3 spell levels left.
You knew the following spells:

 Your Spells              Type           Power        Failure   Level
a - Pain                  Necr           100%         1%          1
b - Animate Dead          Necr           12%          11%         4

Your spell library contained the following spells:

 Spells                   Type           Power        Failure   Level
 Animate Skeleton         Necr           50%          1%          1
 Vampiric Draining        Necr           12%          3%          3
 Agony                    Necr           25%          28%         5


Dungeon Overview and Level Annotations

Branches:
Dungeon (3/15)

Altars:
Hepliaklqana

Annotations:
D:2 1 runed translucent door, Crazy Yiuf


Innate Abilities, Weirdness & Mutations

You have a beak for a mouth.
You have claws for feet.
You can fly continuously.


Message History

No target in view!
You start resting.
Magic restored.
You start resting.
HP restored.
You now have 116 gold pieces (gained 5).
You now have 128 gold pieces (gained 12).
An ogre comes into view. It is wielding a +0 giant spiked club.
Okay, then.
The ogre shouts!
You hear an angry hiss.
You hear a shout!
Casting: Pain (safe; 1% risk of failure)
Confirm with . or Enter, or press ? or * to list all spells.
Aiming: Pain (safe; 1% risk of failure)
Press: ? - help, Shift-Dir - straight line, f - ogre
Aim: an ogre, wielding a +0 giant spiked club (chance to affect: 84%)
The ogre writhes in agony.
Casting: Pain (safe; 1% risk of failure)
Confirm with . or Enter, or press ? or * to list all spells.
Aiming: Pain (safe; 1% risk of failure)
Press: ? - help, Shift-Dir - straight line, f/p - ogre
Aim: an ogre, wielding a +0 giant spiked club (lightly wounded, chance to affect: 84%)
The ogre writhes in agony.
Casting: Pain (safe; 1% risk of failure)
Confirm with . or Enter, or press ? or * to list all spells.
Aiming: Pain (safe; 1% risk of failure)
Press: ? - help, Shift-Dir - straight line, f/p - ogre
Aim: an ogre, wielding a +0 giant spiked club (lightly wounded, chance to affect: 84%)
The ogre writhes in agony.
A goblin comes into view. It is wielding a +0 dagger.
Casting: Pain (safe; 1% risk of failure)
Confirm with . or Enter, or press ? or * to list all spells.
Aiming: Pain (safe; 1% risk of failure)
Press: ? - help, Shift-Dir - straight line, f/p - ogre
Aim: an ogre, wielding a +0 giant spiked club (moderately wounded, chance to affect: 84%)
The ogre writhes in agony.
You barely miss the ogre. You peck the ogre, but do no damage.
The ogre is heavily wounded.
The ogre hits you with a +0 giant spiked club!!
Ouch! That really hurt!
You die...

##..###............$.
#...###............#
#.#.#............#.##
#.#......###.........
# #....###.......#...
#.
...###.........###....
.## $.................
##.........#######
###......@.#
###....O...#
.........#..#
#...###.....g.. ###.
.......#. .. .......#
. ........ .........


You could see an ogre and a goblin.

Vanquished Creatures
  Robin (D:2)
  3 gnolls (D:2)
  3 adders (D:2)
  An ooze (D:3)
  A worm (D:2)
  3 leopard geckos
  An orc (D:3)
  4 giant cockroaches
  10 goblins
  16 hobgoblins
  6 jackals
  5 kobolds
  5 bats
  2 frilled lizards
  6 rats
67 creatures vanquished.

Notes
Turn   | Place    | Note
-------+----------+-------------------------------------------
     0 | D:1      | Nattfarinn the Tengu Necromancer began the quest for the
                  | Orb.
     0 | D:1      | Reached XP level 1. HP: 10/10 MP: 4/4
   493 | D:1      | Reached XP level 2. HP: 13/15 MP: 3/6
   539 | D:1      | Reached skill level 5 in Necromancy
  1176 | D:1      | Reached XP level 3. HP: 16/19 MP: 4/7
  1891 | D:2      | Noticed Robin
  2179 | D:2      | Reached skill level 6 in Necromancy
  2187 | D:2      | Reached XP level 4. HP: 14/24 MP: 2/8
  2371 | D:2      | Killed Robin
  2863 | D:2      | Learned a level 4 spell: Animate Dead
  2933 | D:2      | Found a hazy altar of Hepliaklqana.
  3177 | D:2      | Gained mutation: You can fly continuously. [Tengu growth]
  3177 | D:2      | Reached XP level 5. HP: 22/28 MP: 4/9
  3528 | D:2      | Found a runed translucent door.
  3529 | D:2      | Noticed Crazy Yiuf
  3703 | D:2      | Reached skill level 7 in Necromancy
  4041 | D:3      | Noticed an ogre
  4049 | D:3      | Mangled by an ogre

Illustrated notes

Levels and vault maps discovered:
D:1:      eino_arrival_cavern_b, layout_loops_ring, minmay_curled_crystal
D:2:      layout_loops_cross, general_overflow_altar, serial_park_tiny_1,
          uniq_robin, uniq_crazy_yiuf_cottage
D:3:      layout_rooms, evilmike_ruin_ashenzari, minmay_unequal

Skill      XL: |  1  2  3  4  5 |
---------------+----------------+-----
Necromancy     | 5 6 7 |  7.1
Dodging        | |  2.1
Stealth        | |  2.0
Spellcasting   | |  2.0

Action                   |  1- 3 |  4- 6 || total
-------------------------+-------+-------++-------
Melee: Dagger            |     7 |     3 ||    10
       Hand axe          |       |     7 ||     7
       Kick              |       |     4 ||     4
       Peck              |       |     2 ||     2
 Cast: Pain              |    63 |    65 ||   128
 Abil: Fly               |       |     1 ||     1
 Stab: Sleeping          |     1 |       ||     1
Armor: Robe              |     6 |     2 ||     8
Dodge: Dodged            |    23 |    23 ||    46

Table legend: (Time is in decaauts)
 A = Elapsed time spent in this place.
 B = Non-inter-level travel time spent in this place.
 C = Inter-level travel time spent in this place.
 D = Time resting spent in this place.
 E = Time spent auto-exploring this place.
 F = Levels seen in this place.
 G = Mean time per level.
                   A        B        C        D        E       F      G
               +--------+--------+--------+--------+--------+-----+--------+
         Total |   4006 |   3901 |    105 |   1720 |   1840 |   3 | 1335.3 |
       Dungeon |   4006 |   3901 |    105 |   1720 |   1840 |   3 | 1335.3 |
               +--------+--------+--------+--------+--------+-----+--------+

Top non-repeatable levels by time:
     D:1: 2318 daAuts
     D:2: 1550 daAuts
     D:3: 138 daAuts
